| TOP OF THE 1ST |
|
Kansas City Royals batting - Pitching for Seattle Mariners : RHP Bob Moose
|
|
Pitching: RHP Bob Moose
|
|
|
Batting: RHB Rickey Henderson
|
0-0: SINGLE (Groundball, 34, EV 99.4 MPH) (infield hit)
|
|
Batting: LHB Gene Richards
|
0-0: Ball Rickey Henderson steals 2nd base 1-0: Ball 2-0: Foul Ball, location: 2F 2-1: Called Strike 2-2: Strikes out swinging
|
|
Batting: RHB Jeffrey Leonard
|
0-0: Called Strike Rickey Henderson steals 3rd base 0-1: Swinging Strike 0-2: Ball 1-2: Strikes out swinging
|
|
Batting: LHB Alvin Davis
|
0-0: SINGLE (Groundball, 34D, EV 101.9 MPH) Rickey Henderson scores
|
|
Batting: RHB Gary Carter
|
Pickoff Throw to First - Out! 1-3
|
| Top of the 1st over - 1 run, 2 hits, 0 errors, 0 left on base; Kansas City 1 - Seattle 0 |
| BOTTOM OF THE 1ST |
|
Seattle Mariners batting - Pitching for Kansas City Royals : RHP Donald Moore
|
|
Pitching: RHP Donald Moore
|
|
|
Batting: SHB Miguel Dilone
|
0-0: Ball 1-0: Called Strike 1-1: Foul Ball, location: 2F 1-2: Foul Ball, location: 2F 1-2: Ball 2-2: Ball 3-2: Strikes out swinging
|
|
Batting: LHB Jose Perales
|
0-0: Foul Ball, location: 2F 0-1: Foul Ball, location: 2F 0-2: Ball 1-2: Ball 2-2: Ball 3-2: Fly out, F7 (Flyball, 7D, EV 89.4 MPH)
|
|
Batting: RHB Robin Yount
|
0-0: Called Strike 0-1: Foul Ball, location: 2F 0-2: Fly out, F8 (Line Drive, 8RM, EV 96.3 MPH)
|
| Bottom of the 1st over - 0 runs, 0 hits, 0 errors, 0 left on base; Kansas City 1 - Seattle 0 |
| TOP OF THE 2ND |
|
Kansas City Royals batting - Pitching for Seattle Mariners : RHP Bob Moose
|
|
Batting: RHB Gary Carter
|
0-0: Foul Ball, location: 2F 0-1: Ground out 6-3 (Groundball, 6, EV 100.0 MPH)
|
|
Batting: LHB Jim Eisenreich
|
0-0: Ball 1-0: Called Strike 1-1: Ground out 6-3 (Groundball, 56, EV 105.0 MPH)
|
|
Batting: RHB Bob Horner
|
0-0: Ball 1-0: Ground out 5-3 (Groundball, 56, EV 83.8 MPH)
|
| Top of the 2nd over - 0 runs, 0 hits, 0 errors, 0 left on base; Kansas City 1 - Seattle 0 |
| BOTTOM OF THE 2ND |
|
Seattle Mariners batting - Pitching for Kansas City Royals : RHP Donald Moore
|
|
Batting: LHB Don Mattingly
|
0-0: Ball 1-0: SINGLE (Groundball, 5S, EV 68.8 MPH) (infield hit)
|
|
Batting: LHB Chris Wynn
|
0-0: Ball 1-0: Ball 2-0: Swinging Strike 2-1: Foul Ball, location: 2F 2-2: Strikes out swinging
|
|
Batting: RHB Tony Conigliaro
|
0-0: Foul Ball, location: 2F 0-1: Ball 1-1: Swinging Strike 1-2: Fly out, F4 (Popup, 13S, EV 82.5 MPH)
|
|
Batting: LHB Ivan Flores
|
0-0: Fielders Choice at 2nd, 6-4 (Groundball, 56, EV 109.4 MPH)
|
| Bottom of the 2nd over - 0 runs, 1 hit, 0 errors, 1 left on base; Kansas City 1 - Seattle 0 |
| TOP OF THE 3RD |
|
Kansas City Royals batting - Pitching for Seattle Mariners : RHP Bob Moose
|
|
Batting: LHB Rick Manning
|
0-0: Called Strike 0-1: Ball 1-1: Called Strike 1-2: Foul Ball, location: 2F 1-2: SINGLE (Groundball, 34D, EV 100.0 MPH)
|
|
Batting: RHB Alberto Gonzalez
|
0-0: Ball Rick Manning steals 2nd base 1-0: Swinging Strike 1-1: Ground out 6-3 (Groundball, 56, EV 101.9 MPH)
|
|
Batting: RHB Rickey Henderson
|
0-0: Called Strike 0-1: Ball 1-1: Called Strike 1-2: SINGLE (Groundball, 56D, EV 106.3 MPH) Rick Manning to third Runner from 3rd tries for Home, SAFE, throw by LF to home
|
|
Batting: LHB Gene Richards
|
0-0: Called Strike 0-1: Ball Wild Pitch! Rickey Henderson to second 1-1: Ball 2-1: Fly out, F3 (Line Drive, 3, EV 66.3 MPH)
|
|
Batting: RHB Jeffrey Leonard
|
0-0: Ball 1-0: Ball 2-0: Called Strike 2-1: Ground out 6-3 (Groundball, 6M, EV 86.3 MPH)
|
| Top of the 3rd over - 1 run, 2 hits, 0 errors, 1 left on base; Kansas City 2 - Seattle 0 |
| BOTTOM OF THE 3RD |
|
Seattle Mariners batting - Pitching for Kansas City Royals : RHP Donald Moore
|
|
Batting: RHB John Rabb
|
0-0: Called Strike 0-1: Foul Ball, location: 2F 0-2: SOLO HOME RUN (Flyball, 7D, EV 105.0 MPH), Distance : 385 ft
|
|
Batting: RHB Kurt Cunningham
|
0-0: Foul Ball, location: 2F 0-1: SINGLE (Groundball, 34S, EV 65.6 MPH) (infield hit)
|
|
Batting: SHB Miguel Dilone
|
0-0: Ball Kurt Cunningham is caught stealing 2nd base 2-6 1-0: Foul Ball, location: 2F 1-1: Ball 2-1: Ball 3-1: Base on Balls
|
|
Batting: LHB Jose Perales
|
0-0: Ball 1-0: Ball Miguel Dilone steals 2nd base 2-0: Ball 3-0: Called Strike 3-1: SINGLE (Groundball, 4MS, EV 72.5 MPH) (infield hit) Miguel Dilone to third
|
|
Batting: RHB Robin Yount
|
0-0: Called Strike 0-1: Called Strike 0-2: Ball 1-2: Strikes out swinging
|
|
Batting: LHB Don Mattingly
|
0-0: Called Strike 0-1: SINGLE (Line Drive, 4MD, EV 96.9 MPH) Miguel Dilone scores Jose Perales to second Runner from 2nd tries for 3rd, SAFE, no throw by CF
|
|
Batting: LHB Chris Wynn
|
0-0: Ball 1-0: Foul Ball, location: 2F 1-1: Ball 2-1: Called Strike 2-2: Foul Ball, location: 2F 2-2: Fly out, F7 (Flyball, 7S, EV 90.6 MPH)
|
| Bottom of the 3rd over - 2 runs, 4 hits, 0 errors, 2 left on base; Kansas City 2 - Seattle 2 |
| TOP OF THE 4TH |
|
Kansas City Royals batting - Pitching for Seattle Mariners : RHP Bob Moose
|
|
Batting: LHB Alvin Davis
|
0-0: Fly out, F8 (Flyball, 8LXD, EV 97.5 MPH)
|
|
Batting: RHB Gary Carter
|
0-0: Called Strike 0-1: Ground out 6-3 (Groundball, 6, EV 83.1 MPH)
|
|
Batting: LHB Jim Eisenreich
|
0-0: Called Strike 0-1: Ball 1-1: Called Strike 1-2: Ball 2-2: Ball 3-2: Foul Ball, location: 2F 3-2: Foul Ball, location: 2F 3-2: Strikes out looking
|
| Top of the 4th over - 0 runs, 0 hits, 0 errors, 0 left on base; Kansas City 2 - Seattle 2 |
| BOTTOM OF THE 4TH |
|
Seattle Mariners batting - Pitching for Kansas City Royals : RHP Donald Moore
|
|
Batting: RHB Tony Conigliaro
|
0-0: Called Strike 0-1: Ball 1-1: SINGLE (Flyball, 4MD, EV 93.8 MPH)
|
|
Batting: LHB Ivan Flores
|
0-0: Ball 1-0: Ball 2-0: Ball 3-0: Called Strike 3-1: Base on Balls Tony Conigliaro to second
|
|
Batting: RHB John Rabb
|
0-0: Ball 1-0: Ball 2-0: Ball 3-0: Called Strike 3-1: Fly out, F9 (Flyball, 89S, EV 83.8 MPH)
|
|
Batting: RHB Kurt Cunningham
|
0-0: Ball 1-0: Ball 2-0: Foul Ball, location: 2F 2-1: Called Strike 2-2: Fly out, F2 (Popup, 3SF, EV 76.3 MPH)
|
|
Batting: SHB Miguel Dilone
|
0-0: SINGLE (Flyball, 56D, EV 92.5 MPH) Tony Conigliaro to third Ivan Flores to second Runner from 3rd tries for Home, SAFE, throw by LF to home
|
|
Batting: LHB Jose Perales
|
0-0: SINGLE (Line Drive, 89M, EV 101.9 MPH) Ivan Flores to third Miguel Dilone to second Runner from 3rd tries for Home, SAFE, throw by RF to home
|
|
Batting: RHB Robin Yount
|
0-0: Ball 1-0: Swinging Strike 1-1: Ball 2-1: Ball 3-1: Base on Balls Miguel Dilone to third Jose Perales to second
|
|
Batting: LHB Don Mattingly
|
0-0: Called Strike 0-1: Foul Ball, location: 2F 0-2: Fielders Choice at 2nd, U4 (Groundball, 4M, EV 78.8 MPH)
|
| Bottom of the 4th over - 2 runs, 3 hits, 0 errors, 3 left on base; Kansas City 2 - Seattle 4 |
| TOP OF THE 5TH |
|
Kansas City Royals batting - Pitching for Seattle Mariners : RHP Bob Moose
|
|
Batting: RHB Bob Horner
|
0-0: Foul Ball, location: 2F 0-1: DOUBLE (Line Drive, 78D, EV 109.4 MPH)
|
|
Batting: LHB Rick Manning
|
0-0: Ground out 4-3 (Groundball, 4, EV 103.1 MPH) Bob Horner to third
|
|
Batting: RHB Alberto Gonzalez
|
0-0: Called Strike 0-1: Called Strike 0-2: Ball 1-2: Strikes out looking
|
|
Batting: RHB Rickey Henderson
|
0-0: Ball 1-0: Swinging Strike 1-1: Called Strike 1-2: Ball 2-2: Ball 3-2: SINGLE (Groundball, 6S, EV 72.5 MPH) (infield hit) Bob Horner scores
|
|
Batting: LHB Gene Richards
|
0-0: Ball 1-0: Called Strike 1-1: Ball Wild Pitch! Rickey Henderson to second 2-1: Ball 3-1: Foul Ball, location: 2F 3-2: Foul Ball, location: 2F 3-2: Fly out, F4 (Line Drive, 4, EV 65.0 MPH)
|
| Top of the 5th over - 1 run, 2 hits, 0 errors, 1 left on base; Kansas City 3 - Seattle 4 |
| BOTTOM OF THE 5TH |
|
Seattle Mariners batting - Pitching for Kansas City Royals : RHP Donald Moore
|
|
Batting: LHB Chris Wynn
|
0-0: Ball 1-0: Foul Ball, location: 2F 1-1: Ball 2-1: Ball 3-1: Foul Ball, location: 2F 3-2: Base on Balls
|
|
Batting: RHB Tony Conigliaro
|
0-0: Called Strike 0-1: Ball 1-1: Ball 2-1: Ball 3-1: Fly out, F7 (Flyball, 78D, EV 94.4 MPH)
|
|
Batting: LHB Ivan Flores
|
0-0: Ball 1-0: Ball 2-0: Called Strike 2-1: Called Strike 2-2: Fly out, F8 (Line Drive, 8RM, EV 98.1 MPH)
|
|
Batting: RHB John Rabb
|
0-0: SINGLE (Line Drive, 78S, EV 87.5 MPH) Chris Wynn to second
|
|
Batting: RHB Kurt Cunningham
|
0-0: Ground out 4-3 (Groundball, 4S, EV 69.4 MPH)
|
| Bottom of the 5th over - 0 runs, 1 hit, 0 errors, 2 left on base; Kansas City 3 - Seattle 4 |
| TOP OF THE 6TH |
|
Kansas City Royals batting - Pitching for Seattle Mariners : RHP Bob Moose
|
|
Batting: RHB Jeffrey Leonard
|
0-0: Ball 1-0: Swinging Strike 1-1: Swinging Strike 1-2: Ball 2-2: Foul Ball, location: 2F 2-2: Ball 3-2: Foul Ball, location: 2F 3-2: Base on Balls
|
|
Batting: LHB Alvin Davis
|
0-0: Ball 1-0: Foul Ball, location: 2F 1-1: Foul Ball, location: 2F 1-2: Ball Jeffrey Leonard steals 2nd base 2-2: Foul Ball, location: 2F 2-2: Foul Ball, location: 2F 2-2: Foul Ball, location: 2F 2-2: Fly out, F8 (Flyball, 8RM, EV 73.1 MPH)
|
|
Batting: RHB Gary Carter
|
0-0: Swinging Strike 0-1: Ball 1-1: Ball 2-1: Called Strike 2-2: Foul Ball, location: 2F 2-2: 2-RUN HOME RUN (Flyball, 9D, EV 104.4 MPH), Distance : 386 ft
|
|
Batting: LHB Jim Eisenreich
|
0-0: Ball 1-0: Ball 2-0: Called Strike 2-1: Fly out, F7 (Flyball, 78D, EV 96.3 MPH)
|
|
Batting: RHB Bob Horner
|
0-0: Called Strike 0-1: Ball 1-1: Ground out 6-3 (Groundball, 56D, EV 85.6 MPH)
|
| Top of the 6th over - 2 runs, 1 hit, 0 errors, 0 left on base; Kansas City 5 - Seattle 4 |
| BOTTOM OF THE 6TH |
|
Seattle Mariners batting - Pitching for Kansas City Royals : RHP Donald Moore
|
|
Batting: SHB Miguel Dilone
|
0-0: Ball 1-0: Foul Ball, location: 2F 1-1: Ball 2-1: SINGLE (Groundball, 34D, EV 103.8 MPH)
|
|
Batting: LHB Jose Perales
|
0-0: Ball Miguel Dilone steals 2nd base (no throw) 1-0: Ball 2-0: Called Strike 2-1: Called Strike 2-2: Foul Ball, location: 2F 2-2: Ball 3-2: Foul Ball, location: 2F 3-2: Strikes out swinging
|
|
Pitching: RHP Orel Hershiser
|
|
|
Batting: RHB Robin Yount
|
0-0: Called Strike 0-1: Ball 1-1: Ball 2-1: Foul Ball, location: 2F 2-2: Foul Ball, location: 2F 2-2: Ball 3-2: Base on Balls
|
|
Batting: LHB Don Mattingly
|
0-0: Called Strike 0-1: Ball 1-1: Ball 2-1: Ball Wild Pitch! Miguel Dilone to third Robin Yount to second 3-1: Called Strike 3-2: Base on Balls
|
|
Batting: LHB Chris Wynn
|
0-0: Ball 1-0: Called Strike 1-1: Fly out, F8 (Flyball, 8RS, EV 90.6 MPH)
|
|
Batting: RHB Tony Conigliaro
|
0-0: GRAND SLAM HOME RUN (Line Drive, 7D, EV 103.8 MPH), Distance : 390 ft
|
|
Pitching: RHP Joaquin Andujar
|
|
|
Batting: LHB Ivan Flores
|
0-0: Ball 1-0: Ball 2-0: Called Strike 2-1: Ball 3-1: Foul Ball, location: 2F 3-2: Strikes out swinging
|
| Bottom of the 6th over - 4 runs, 2 hits, 0 errors, 0 left on base; Kansas City 5 - Seattle 8 |
| TOP OF THE 7TH |
|
Kansas City Royals batting - Pitching for Seattle Mariners : RHP Bob Moose
|
|
Pitching: LHP Rich Rodas
|
|
|
Batting: LHB Rick Manning
|
0-0: Called Strike 0-1: Called Strike 0-2: Strikes out looking
|
|
Batting: RHB Alberto Gonzalez
|
0-0: Called Strike 0-1: Ball 1-1: Foul Ball, location: 2F 1-2: Ground out 1-3 (Groundball, 13S, EV 66.9 MPH)
|
|
Batting: RHB Rickey Henderson
|
0-0: Reached on error, E6 (Groundball, 6S, EV 86.3 MPH)
|
|
Batting: LHB Gene Richards
|
0-0: Ball 1-0: Ball Rickey Henderson steals 2nd base 2-0: Swinging Strike 2-1: Foul Ball, location: 2F 2-2: Ball 3-2: Strikes out swinging passed ball, reaches first! Rickey Henderson to third
|
|
Batting: RHB Jeffrey Leonard
|
0-0: Swinging Strike 0-1: Fly out, F9 (Flyball, 89M, EV 89.4 MPH)
|
| Top of the 7th over - 0 runs, 0 hits, 1 error, 2 left on base; Kansas City 5 - Seattle 8 |
| BOTTOM OF THE 7TH |
|
Seattle Mariners batting - Pitching for Kansas City Royals : RHP Joaquin Andujar
|
|
Batting: RHB John Rabb
|
0-0: Ball 1-0: Foul Ball, location: 2F 1-1: Fly out, F6 (Popup, 5DF, EV 50.0 MPH)
|
|
Batting: RHB Kurt Cunningham
|
0-0: Foul Ball, location: 2F 0-1: Called Strike 0-2: Foul Ball, location: 2F 0-2: Ball 1-2: DOUBLE (Flyball, 8RXD, EV 103.1 MPH)
|
|
Batting: SHB Miguel Dilone
|
0-0: Swinging Strike 0-1: Ball 1-1: Ball 2-1: Ball 3-1: Ground out U3 (Groundball, 34, EV 81.3 MPH) Kurt Cunningham to third
|
|
Batting: LHB Jose Perales
|
0-0: Ball 1-0: Ball 2-0: Called Strike 2-1: Foul Ball, location: 2F 2-2: Foul Ball, location: 2F 2-2: Ball Wild Pitch! Kurt Cunningham scores 3-2: Base on Balls
|
|
Batting: RHB Robin Yount
|
0-0: Called Strike 0-1: Swinging Strike 0-2: Strikes out looking
|
| Bottom of the 7th over - 1 run, 1 hit, 0 errors, 1 left on base; Kansas City 5 - Seattle 9 |
| TOP OF THE 8TH |
|
Kansas City Royals batting - Pitching for Seattle Mariners : LHP Rich Rodas
|
|
Batting: LHB Alvin Davis
|
0-0: Called Strike 0-1: Ball 1-1: Ball 2-1: Ball 3-1: SINGLE (Flyball, 4D, EV 95.0 MPH)
|
|
Batting: RHB Gary Carter
|
0-0: Ball 1-0: Foul Ball, location: 2F 1-1: Ball 2-1: Swinging Strike 2-2: Strikes out swinging
|
|
Batting: LHB Jim Eisenreich
|
0-0: Called Strike 0-1: Fly out, F8 (Flyball, 8LD, EV 87.5 MPH)
|
|
Batting: RHB Bob Horner
|
0-0: Fly out, F7 (Flyball, 78D, EV 83.1 MPH)
|
| Top of the 8th over - 0 runs, 1 hit, 0 errors, 1 left on base; Kansas City 5 - Seattle 9 |
| BOTTOM OF THE 8TH |
|
Seattle Mariners batting - Pitching for Kansas City Royals : RHP Joaquin Andujar
|
|
Batting: LHB Don Mattingly
|
0-0: Ball 1-0: Called Strike 1-1: Foul Ball, location: 2F 1-2: Ball 2-2: Foul Ball, location: 2F 2-2: Foul Ball, location: 2F 2-2: Fly out, F7 (Line Drive, 7, EV 93.1 MPH)
|
|
Batting: LHB Chris Wynn
|
0-0: Ball 1-0: Fly out, F6 (Flyball, 6D, EV 93.8 MPH)
|
|
Batting: RHB Tony Conigliaro
|
0-0: Fly out, F9 (Flyball, 9LS, EV 78.1 MPH)
|
| Bottom of the 8th over - 0 runs, 0 hits, 0 errors, 0 left on base; Kansas City 5 - Seattle 9 |
| TOP OF THE 9TH |
|
Kansas City Royals batting - Pitching for Seattle Mariners : LHP Rich Rodas
|
|
Batting: LHB Rick Manning
|
0-0: Called Strike 0-1: Ball 1-1: Foul Ball, location: 2F 1-2: Strikes out swinging
|
|
Batting: RHB Alberto Gonzalez
|
0-0: Called Strike 0-1: Ball 1-1: Fly out, F4 (Popup, 4S, EV 77.5 MPH)
|
|
Batting: RHB Rickey Henderson
|
0-0: Ball 1-0: Ball 2-0: Ball 3-0: Base on Balls
|
|
Batting: LHB Gene Richards
|
0-0: Called Strike 0-1: Swinging Strike 0-2: Strikes out looking
|
| Top of the 9th over - 0 runs, 0 hits, 0 errors, 1 left on base; Kansas City 5 - Seattle 9 |
|